 Dungeon Crawl Stone Soup version 0.30.0 (webtiles) character file.

Game seed: 16531945122529767319

5562 Persephone the Spear-Bearer (level 10, -3/96 HPs)
             Began as a Minotaur Berserker on May 6, 2023.
             Was an Elder of Trog.
             Slain by a raiju (8 damage)
             ... on level 1 of the Abyss.
             The game lasted 00:12:53 (7350 turns).

Persephone the Spear-Bearer (Minotaur Berserker)    Turns: 7350, Time: 00:12:53

Health: -3/96      AC:  7    Str: 24    XL:     10   Next: 44%
Magic:  9/9        EV: 11    Int:  4    God:    Trog [****..]
Gold:   359        SH:  3    Dex: 12    Spells: 9/9 levels left

rFire   . . .        s - +0 trident
rCold   + . .        y - +0 buckler
rNeg    . . .        j - +1 leather armour {rC+}
rPois   .            (helmet restricted)
rElec   .            (no cloak)
rCorr   .            D - +0 pair of gloves
SInv    .            l - +0 pair of boots
Will    .....        m - amulet of magic regeneration
Stlth   +            (no ring)
HPRegen 0.36/turn    (no ring)
MPRegen 0.51/turn

%: no passive effects
@: no status effects
A: horns 2, retaliatory headbutt
a: Renounce Religion, Berserk, Trog's Hand, Brothers in Arms


You were on level 1 of the Abyss.
You worshipped Trog.
Trog was greatly pleased with you.
You visited 1 branch of the dungeon, and saw 8 of its levels.
You visited the Abyss 1 time.

You collected 359 gold pieces.

Inventory:

Hand Weapons
 a - a +1 spear
 s - a +0 trident (weapon)
Missiles
 r - 6 javelins (quivered)
Armour
 j - a +1 leather armour of cold resistance (worn)
 l - a +0 pair of boots (worn)
 u - a +0 kite shield
 y - a +0 buckler (worn)
 D - a +0 pair of gloves (worn)
Jewellery
 m - an amulet of magic regeneration (around neck)
 q - an amulet of faith
Wands
 o - a wand of digging (11)
 v - a wand of iceblast (6)
 A - a wand of flame (6)
 C - a wand of acid (10)
Scrolls
 c - 2 scrolls of vulnerability
 d - a scroll of immolation
 f - a scroll of enchant armour
 g - 2 scrolls of fear
 p - 2 scrolls of magic mapping
Potions
 e - 2 potions of magic
 h - 4 potions of lignification
 i - 3 potions of resistance
 k - a potion of curing
 n - a potion of flight
 w - a potion of haste {unknown}
 x - 4 potions of degeneration
 z - a potion of invisibility
 B - a potion of berserk rage {unknown}


   Skills:
 + Level 11.4 Fighting
 - Level 14.0 Polearms
 + Level 7.1 Armour
 - Level 2.2 Dodging


You had 9 spell levels left.
You didn't know any spells.
Your spell library was empty.

Dungeon Overview and Level Annotations

Branches:
Dungeon (8/15)             Temple (0/1) D:5
   Lair: D:8-11

Altars:
Cheibriados
Makhleb
Nemelex Xobeh
Qazlal
Sif Muna
Yredelemnul

Shops:
D:1 *

Annotations:
D:5 2 transporters, Silvore's ghost, novice MiFi
D:8 Psyche


Innate Abilities, Weirdness & Mutations

You have a pair of horns on your head.
You reflexively headbutt those who attack you in melee.


Message History

You kill the ynoxinul!
Trog accepts your kill.
The ufetubus disappears in a puff of smoke! x3
You are confused.
You feel invigorated.
You are too confused!
You feel less invigorated.
You feel less confused.
You feel yourself speed up.
You recover from your berserk rage.
Key pressed, stopping explore.
A bone dragon comes into view.
Found a shimmering blue altar of Sif Muna. 2 raiju come into view.
The raiju barks!
You hear a bark!
A raiju comes into view.
You hear a bark!
The raiju barks!
There is a shimmering blue altar of Sif Muna here.
The raiju bursts into living lightning!
The living lightning hits you!
* * * LOW HITPOINT WARNING * * *
The raiju blinks!
As you read the scroll of fear, it crumbles to dust.
You assume a fearsome visage.
The bone dragon is unaffected.
The raiju looks frightened! x2
A small abomination and a raiju come into view.
The raiju barks!
The raiju barely misses you.
You hit the raiju but do no damage. You puncture the raiju!
The raiju is heavily wounded.
The raiju bites you.
* * * LOW HITPOINT WARNING * * *
The raiju shocks you!
* * * LOW HITPOINT WARNING * * *
The raiju bites you!
* * * LOW HITPOINT WARNING * * *
The raiju shocks you!
You die...

.# .. .. .# ##
## #.## #. .
D..#.#
###.#.#.#h.#
#......D#.####
.##...._.@h.#
.....#..#.#h..#
##..#.######x#h#
#.... ..##
...... .# #....
.. #.#. ##


You could see a bone dragon, 4 raiju and a small abomination.

Vanquished Creatures
  Pikel (D:4)
  A worldbinder (Abyss:1)
  2 kobold demonologists (D:6)
  A large abomination (Abyss:1)
  2 ynoxinuls (Abyss:1)
  A wyvern (D:6)
  2 wraiths
  A steam dragon (D:7)
  A water moccasin (D:7)
  2 sky beasts
  An orc warrior (D:7)
  An ice beast (D:5)
  An ogre (D:6)
  A lemure (D:4)
  2 phantoms
  2 kobold brigands (D:6)
  A bullfrog (D:7)
  A scorpion (D:5)
  12 wights (D:7)
  A small abomination (Abyss:1)
  A quasit (Abyss:1)
  3 hounds (D:6)
  4 starcursed masses (Abyss:1)
  4 sleepcaps
  5 iguanas
  Ijyb (D:4)
  4 orc wizards
  Natasha (thrice) (D:4)
  5 gnolls
  2 river rats (D:5)
  7 adders
  A shadow imp (D:5)
  2 white imps (D:5)
  5 worms
  5 dart slugs
  33 orcs
  5 bats
  3 endoplasms
  8 giant cockroaches
  6 goblins
  4 hobgoblins
  5 quokkas
  2 ball pythons
  4 frilled lizards
  13 kobolds
  3 rats
  A spectral orc (D:7)
176 creatures vanquished.

Notes
Turn   | Place    | Note
-------+----------+-------------------------------------------
     0 | D:1      | Persephone the Minotaur Berserker began the quest for the
                  | Orb.
     0 | D:1      | Reached XP level 1. HP: 19/19 MP: 0/0
   111 | D:1      | Reached skill level 4 in Polearms
   111 | D:1      | Reached XP level 2. HP: 27/27 MP: 1/1
   786 | D:1      | Found Icalawk's General Store.
  1063 | D:2      | Reached XP level 3. HP: 33/33 MP: 2/2
  1075 | D:2      | Found a faded altar of an unknown god.
  1254 | D:2      | Reached ** piety under Trog
  1490 | D:2      | Reached skill level 5 in Polearms
  2062 | D:3      | Found a burning altar of Makhleb.
  2062 | D:3      | Found a shimmering blue altar of Sif Muna.
  2098 | D:3      | Reached XP level 4. HP: 41/41 MP: 3/3
  2524 | D:4      | Found a stormy altar of Qazlal.
  2644 | D:4      | Noticed Ijyb
  2659 | D:4      | Killed Ijyb
  2660 | D:4      | Reached skill level 6 in Polearms
  2660 | D:4      | Reached XP level 5. HP: 47/47 MP: 4/4
  2747 | D:4      | Reached skill level 5 in Fighting
  2849 | D:4      | Noticed Natasha
  2853 | D:4      | Killed Natasha
  2867 | D:4      | Reached *** piety under Trog
  3195 | D:4      | Noticed a lemure
  3196 | D:4      | Noticed a lemure
  3197 | D:4      | Noticed Pikel
  3197 | D:4      | Noticed a lemure
  3199 | D:4      | Noticed a lemure
  3203 | D:4      | Killed a lemure
  3208 | D:4      | Killed Pikel
  3209 | D:4      | Reached skill level 8 in Polearms
  3209 | D:4      | Reached XP level 6. HP: 47/58 MP: 5/5
  3209 | D:4      | Reached XP level 7. HP: 52/64 MP: 6/6
  3425 | D:4      | Noticed Natasha
  3432 | D:4      | Killed Natasha
  3450 | D:4      | Noticed Natasha
  3456 | D:4      | Killed Natasha
  3457 | D:4      | Reached skill level 9 in Polearms
  3829 | D:5      | Entered Level 5 of the Dungeon
  3916 | D:5      | Noticed Silvore's ghost (novice MiFi)
  3938 | D:5      | Found a transporter.
  3943 | D:5      | Found a transporter.
  4103 | D:5      | Found a sparkling altar of Nemelex Xobeh.
  4145 | D:5      | Found a staircase to the Ecumenical Temple.
  4210 | D:5      | Reached XP level 8. HP: 59/73 MP: 7/7
  4504 | D:5      | Reached skill level 10 in Polearms
  4622 | D:5      | Reached **** piety under Trog
  4897 | D:6      | Noticed a kobold demonologist
  4916 | D:6      | Killed a kobold demonologist
  4917 | D:6      | Reached skill level 11 in Polearms
  5152 | D:6      | Noticed a kobold demonologist
  5175 | D:6      | Killed a kobold demonologist
  5190 | D:6      | Reached XP level 9. HP: 82/82 MP: 8/8
  5229 | D:6      | Reached skill level 12 in Polearms
  5592 | D:6      | Found a snail-covered altar of Cheibriados.
  5896 | D:7      | Reached skill level 13 in Polearms
  6225 | D:7      | Reached skill level 14 in Polearms
  6457 | D:7      | Reached skill level 10 in Fighting
  6699 | D:7      | Found a basalt altar of Yredelemnul.
  7084 | D:8      | Noticed Psyche
  7085 | Abyss:1  | Cast into level 1 of the Abyss (Psyche)
  7100 | Abyss:1  | Reached XP level 10. HP: 89/91 MP: 9/9
  7152 | Abyss:1  | Reached skill level 5 in Armour
  7194 | Abyss:1  | Noticed an ancient lich
  7211 | Abyss:1  | Noticed a starcursed mass
  7229 | Abyss:1  | Killed a starcursed mass
  7230 | Abyss:1  | Killed a starcursed mass
  7240 | Abyss:1  | Killed a starcursed mass
  7281 | Abyss:1  | Noticed a worldbinder
  7283 | Abyss:1  | Noticed a deep elf zephyrmancer
  7283 | Abyss:1  | Noticed a deep elf pyromancer
  7283 | Abyss:1  | Noticed a deep elf pyromancer
  7287 | Abyss:1  | Killed a worldbinder
  7296 | Abyss:1  | HP: 4/96 [ynoxinul/iron shot (36)]
  7334 | Abyss:1  | Noticed a bone dragon
  7338 | Abyss:1  | Found a shimmering blue altar of Sif Muna.
  7344 | Abyss:1  | Found a shimmering blue altar of Sif Muna.
  7344 | Abyss:1  | Found a shimmering blue altar of Sif Muna.
  7350 | Abyss:1  | Slain by a raiju

Illustrated notes

Levels and vault maps discovered:
D:1:      shiori_arrival_elements, layout_basic, serial_shops, shop
D:2:      layout_basic, shapermc_ecumenical_altar_mp_highgroup
D:3:      layout_basic, gammafunk_temple_overflow_pools
D:4:      cheibrodos_quashed, layout_loops_cross, lemuel_doored_altar,
          uniq_natasha, uniq_ijyb, uniq_pikel
D:5:      layout_loops_ring, nemelex_spade_bored_becter,
          minmay_temple_entry_hall, gammafunk_ghost_hive,
          lightli_sewer_entry_pipes, chequers_serial_rivers_micro_a,
          dk_rats_in_the_wall
D:6:      layout_cave_pools, mainiacjoe_overflow_alcove_4, grunt_ministairs_14,
          chequers_serial_rivers_micro_d, minmay_strange_pillars
D:7:      layout_gridville, yredelemnul_forgotten_temple_becter,
          kennysheep_windowed_goal
D:8:      nicolae_BIG_FREAKIN_CUBE, layout_basic, nicolae_ru_path_of_blood,
          fedhas_ov_isle_minmay, uniq_psyche, uniq_maggie, uniq_erica
Abyss:1:  base:
D:1

Skill      XL: |  1  2  3  4  5  6  7  8  9 10 |
---------------+-------------------------------+-----
Polearms       | 4 5 6 8 9 11 14 | 14.0
Fighting       | 4 6 7 8 10 11 | 11.4
Armour         | 4 7 |  7.1
Dodging        | |  2.2

Action                     |  1- 3 |  4- 6 |  7- 9 | 10-12 || total
---------------------------+-------+-------+-------+-------++-------
  Melee: Spear             |   132 |    19 |       |       ||   151
         Headbutt          |     8 |    14 |    50 |    16 ||    88
         Trident           |       |    68 |   298 |    49 ||   415
         Punch             |       |       |     2 |       ||     2
  Throw: Javelin           |       |       |    17 |       ||    17
 Invoke: Berserk           |       |     2 |     3 |     2 ||     7
         Trog's Hand       |       |     2 |     2 |     2 ||     6
    Use: Scroll            |     5 |       |    10 |     1 ||    16
         Potion            |       |       |       |     1 ||     1
 Armour: Animal skin       |     6 |       |       |       ||     6
         Scale mail        |     2 |       |       |       ||     2
         Leather armour    |    12 |    14 |    37 |     9 ||    72
  Dodge: Dodged            |    51 |    22 |    87 |    19 ||   179
  Block: Kite shield       |       |       |    30 |       ||    30
         Buckler           |       |       |    11 |     3 ||    14
